 Dungeon Crawl Stone Soup version 0.19.4-9-g45fd643 (webtiles) character file.

367 esteth the Changer (level 6, -3/51 HPs)
             Began as a Naga Transmuter on Feb 15, 2017.
             Was an Initiate of Cheibriados.
             Killed by nerve-wracking pain
             ... invoked by an orc priest
              (7 damage)
             ... on level 4 of the Dungeon.
             The game lasted 00:10:50 (4114 turns).

esteth the Changer (Naga Transmuter)                Turns: 4114, Time: 00:10:51

Health: -3/51      AC:  5    Str: 13    XL:     6   Next: 69%
Magic:  9/9        EV: 10    Int: 16    God:    Cheibriados [......]
Gold:   172        SH:  0    Dex: 13    Spells: 3 memorised, 0 levels left

rFire  . . .     SeeInvis +     e - +1 halberd
rCold  . . .     Gourm    .     b - +0 robe
rNeg   . . .     Faith    .     (shield currently unavailable)
rPois  +         Spirit   .     (no helmet)
rElec  .         Reflect  .     (no cloak)
rCorr  .         Harm     .     (no gloves)
MR     .....                    (no barding)
Stlth  +.........               (no amulet)
                                (no ring)
                                (no ring)

@: short of breath, very slow
A: iridescent scales 1, see invisible, deformed body, poison resistance,
slowness 2, slow metabolism 1, spit poison 1, AC +2
a: Spit Poison, Bend Time, Renounce Religion


You were on level 4 of the Dungeon.
You worshipped Cheibriados.
Cheibriados was noncommittal.
You were not hungry.

You visited 1 branch of the dungeon, and saw 4 of its levels.

You collected 172 gold pieces.

Inventory:

Hand Weapons
 e - a +1 halberd (weapon)
 j - a +0 club
Missiles
 a - 29 arrows
Armour
 b - a +0 robe (worn)
Jewellery
 f - an uncursed ring of protection from fire {unknown}
 k - an uncursed ring of positive energy {unknown}
Scrolls
 m - a scroll of blinking
Potions
 n - a potion of haste {unknown}
Books
 c - a book of Changes

   Spells                             Type                      Level
   a - Beastly Appendage              Transmutation                1
   b - Sticks to Snakes               Transmutation                2
   c - Spider Form                    Transmutation/Poison         3
   d - Ice Form                       Ice/Transmutation            4
   e - Blade Hands                    Transmutation                5
Comestibles
 d - a chunk of flesh
 g - a slice of pizza
 l - a meat ration


   Skills:
 - Level 1.0 Fighting
 - Level 1.5 Dodging
 - Level 3.0 Unarmed Combat
 - Level 2.0 Spellcasting
 + Level 6.9 Transmutations


You couldn't memorise any spells.
You knew the following spells:

 Your Spells              Type           Power        Failure   Level  Hunger
a - Beastly Appendage     Tmut           ###...       1%          1    #......
b - Spider Form           Tmut/Pois      ##........   17%         3    ###....
c - Blade Hands           Tmut           ###.......   38%         5    ######.


Dungeon Overview and Level Annotations

Branches:
Dungeon (4/15)
 Temple: D:4-7

Altars:
Ashenzari
Cheibriados
Elyvilon
Kikubaaqudgha
Makhleb
Yredelemnul

Annotations:
D:3 North's ghost, amateur NaGl


Innate Abilities, Weirdness & Mutations

You cannot wear boots.
Your serpentine skin is tough. (AC +2)
You have supernaturally acute eyesight. (SInv)
Armour fits poorly on your strangely shaped body.
Your system is resistant to poisons. (rPois)
You cover ground very slowly.
You have a slow metabolism.
You can spit poison.
You are partially covered in iridescent scales. (AC +2)


Message History

Aim: an orc priest, wielding a mace (almost dead)
The splash of poison hits the orc priest.
The orc priest appears unharmed.
The orc priest is almost dead.
You feel slightly more hungry.
The orc wizard points at you and mumbles some strange words.
The puff of frost hits you!
* * * LOW HITPOINT WARNING * * *
The orc priest hits you with a mace.
* * * LOW HITPOINT WARNING * * *
The orc wizard hits you but does no damage.
You barely miss the orc priest.
The orc priest is almost dead.
The orc wizard completely misses you.
The orc priest looks encouraged for a moment.
The orc wizard hits you with a dagger.
* * * LOW HITPOINT WARNING * * *
The orc priest mumbles some strange prayers to Beogh against you.
Pain shoots through your body!
You die...

........##..(## #.
..............# #..
..............# #..#
[.......##(...# #...###
........###)..###.!.....
........# ##..##.......#
......... ##......<...#
.........# #......>..#
...........##@........##
####........oo..........
.............##...
#.........####
##.........#
##.........#
##.........#
............#
####..####.....


You could see an orc priest and an orc wizard.

Vanquished Creatures
  An ice beast (D:3)
  An ogre (D:4)
  Terence (D:3)
  2 worker ants (D:4)
  A gnoll (D:1)
  3 adders
  2 oozes (D:1)
  2 dart slugs (D:1)
  A worm (D:2)
  2 leopard geckos
  4 orcs (D:4)
  2 ball pythons
  2 giant cockroaches
  5 goblins
  11 hobgoblins
  4 jackals (D:1)
  3 kobolds
  9 bats
  A frilled lizard (D:2)
  5 rats
62 creatures vanquished.

Notes
Turn   | Place    | Note
-------+----------+-------------------------------------------
     0 | D:1      | esteth the Naga Transmuter began the quest for the Orb.
     0 | D:1      | Reached XP level 1. HP: 18/18 MP: 3/3
   403 | D:1      | Reached skill level 3 in Transmutations
   403 | D:1      | Reached XP level 2. HP: 13/25 MP: 5/5
   952 | D:1      | Reached XP level 3. HP: 29/31 MP: 6/6
   972 | D:1      | Learned a level 3 spell: Spider Form
  1160 | D:1      | Found a shattered altar of Ashenzari.
  1504 | D:1      | Reached skill level 4 in Transmutations
  1830 | D:2      | Reached XP level 4. HP: 38/38 MP: 7/7
  1971 | D:2      | Found a burning altar of Makhleb.
  2169 | D:2      | Found a basalt altar of Yredelemnul.
  3017 | D:3      | Noticed Terence
  3038 | D:3      | Killed Terence
  3041 | D:3      | Reached skill level 5 in Transmutations
  3042 | D:3      | Reached XP level 5. HP: 27/44 MP: 8/8
  3053 | D:3      | Noticed an ice beast
  3065 | D:3      | HP: 2/44 [ice beast (11)]
  3069 | D:3      | Gained mutation: You are partially covered in iridescent scales. (AC +2) [potion of beneficial mutation]
  3080 | D:3      | Killed an ice beast
  3080 | D:3      | Reached skill level 6 in Transmutations
  3326 | D:3      | Found a white marble altar of Elyvilon.
  3337 | D:3      | Noticed North's ghost (amateur NaGl)
  3675 | D:4      | Reached XP level 6. HP: 51/51 MP: 9/9
  3687 | D:4      | Learned a level 5 spell: Blade Hands
  3771 | D:4      | Found a snail-covered altar of Cheibriados.
  3771 | D:4      | Found an ancient bone altar of Kikubaaqudgha.
  3777 | D:4      | Became a worshipper of Cheibriados the Contemplative
  4114 | D:4      | Killed from afar by an orc priest

Skill      XL: |  1  2  3  4  5 |
---------------+----------------+-----
Transmutations | 3 4 5 6 |  6.9
Fighting       | |  1.0
Dodging        | |  1.5
Unarmed Combat | |  3.0
Spellcasting   | |  2.0

Action                   |  1- 3 |  4- 6 || total
-------------------------+-------+-------++-------
Melee: Unarmed           |    13 |     5 ||    18
       Club              |     5 |       ||     5
       Halberd           |    78 |   124 ||   202
 Cast: Spider Form       |       |     2 ||     2
 Abil: Spit Poison       |     2 |    20 ||    22
  Use: Scroll            |     3 |     4 ||     7
       Potion            |       |     3 ||     3
 Stab: Sleeping          |     1 |     1 ||     2
  Eat: Chunk             |     2 |     3 ||     5
       Bread ration      |       |     1 ||     1
Armor: Robe              |    21 |    47 ||    68
Dodge: Dodged            |    67 |    83 ||   150
